Cogmind - Beta 15 *** ADVENTURER MODE // 2025.10.12 @ 06:11:18 Player: nam192 Result: Destroyed by G-34 Mercenary with Small Laser Performance ------------- Evolutions (1) 500 Regions Visited (2) 400 Robots Destroyed (30) 150 Value Destroyed (756) 756 Prototype IDs (0) 0 Alien Tech Used (0) 0 Bonus (0) 0 TOTAL SCORE: 1806 Bonus ------- None Cogmind --------- Core Integrity 0/400 Matter 299/300 Energy 67/100 System Corruption 0% Temperature Cool (11) Movement Core (800) Ox15 Location -9/Materials Parts ------- > --- POWER (2) -------- (None) > --- PROPULSION (2) --- (None) > --- UTILITY (2) ------ High-capacity Storage Unit Shield Generator > --- WEAPON (3) ------- Shock Rifle Light Assault Rifle > --- INVENTORY (20) --- Ion Engine Light Treads Light Treads Light Treads Carbon-fiber Leg Carbon-fiber Leg Carbon-fiber Leg Carbon-fiber Leg Compact Wheel Backup Propulsion I Small Storage Unit Shock Rifle Hammer Peak State ------------ > --- POWER ------------ Ion Engine Ion Engine > --- PROPULSION ------- Aluminum Leg Aluminum Leg > --- UTILITY ---------- High-capacity Storage Unit Backup Plating I > --- WEAPON ----------- EM Pulse Cannon Light Assault Rifle Grenade Launcher > --- INVENTORY -------- Ion Engine Light Treads Light Treads Carbon-fiber Leg Carbon-fiber Leg Carbon-fiber Leg Carbon-fiber Leg Compact Wheel Backup Propulsion I Small Storage Unit Shock Rifle Shock Rifle Light Assault Rifle Hammer [Rating: 13] Favorites ----------- Power Ion Engine Engine Ion Engine Propulsion Aluminum Leg Leg Aluminum Leg Wheel Compact Wheel Hover Unit Backup Propulsion I Utility High-capacity Storage Unit Device Shield Generator Storage High-capacity Storage Unit Processor Targeting Computer Protection Backup Plating I Weapon Light Assault Rifle Energy Gun Shock Rifle Energy Cannon EM Pulse Cannon Ballistic Gun Light Assault Rifle Launcher Grenade Launcher Build | -11 -10 -9 ------- Run | Yrd Mat Mat Slots Evolved 2 | . . 2 Power 1 | . . 1 Propulsion . | . . . Utility . | . . . Weapon 1 | . . 1 Parts Attached 21 | 6 8 7 Power 3 | 1 1 1 Engine 3 | 1 1 1 Core . | . . . Reactor . | . . . Propulsion 6 | 2 4 . Treads . | . . . Leg 2 | . 2 . Wheel 4 | 2 2 . Hover . | . . . Flight . | . . . Utility 4 | 1 2 1 Device 1 | . . 1 Storage 2 | 1 1 . Processor 1 | . 1 . Hackware . | . . . Protection . | . . . Artifact . | . . . Weapon 8 | 2 1 5 Energy Gun 2 | 1 . 1 Energy Cannon 1 | . . 1 Ballistic Gun 3 | 1 . 2 Ballistic Cannon . | . . . Launcher 2 | . 1 1 Special Weapon . | . . . Impact Weapon . | . . . Slashing Weapon . | . . . Piercing Weapon . | . . . Special Melee Weapon . | . . . Unidentified Prototypes . | . . . Parts Lost 12 | . 2 10 Power 2 | . . 2 Propulsion 3 | . 1 2 Utility 2 | . 1 1 Weapon 5 | . . 5 Highest Loss Streak 7 | . 1 7 To Critical Strikes . | . . . Average Backups 11 | 2 8 14 Power 1 | . 2 1 Propulsion 6 | 1 4 8 Utility . | . . 1 Weapon 2 | . 1 3 Tool/Special . | . . . Unused Backups 10 | . 1 9 Power 1 | . 1 . Propulsion 7 | . . 7 Utility . | . . . Weapon 2 | . . 2 Tool/Special . | . . . Average Slot Usage (%) 82 | . 92 76 Engine 14 | . 14 14 Leg 10 | . 3 14 Wheel 7 | . 19 . Device 1 | . . 2 Storage 12 | . 14 11 Processor 3 | . 8 . Protection 5 | . 2 7 Energy Gun 2 | . . 3 Energy Cannon 4 | . . 6 Ballistic Gun 10 | . 14 9 Launcher 9 | . 13 7 Peak Build Rating 13 | 6 7 13 Average Rating 9 | 4 6 11 On Entrance 4 | . 6 7 Naked Turns . | . . . Heaviest Build 61 | 13 54 61 Greatest Support 32 | 20 32 20 Greatest Overweight (x) 15 | . 4 15 Average Overweight (x) 1 | . . 4 Largest Inventory Capacity 20 | 8 20 20 Average Capacity 15 | 7 10 20 Most Carried 16 | 7 10 16 Average Carried 11 | 3 8 14 Final Capacity 20 | 8 20 20 Final Carried 13 | 6 9 13 Class Distribution -------------------- 60% | Mutant 33% | Tank 5% | Gunner Dominant Class ---------------- Mutant | -10/Materials Tank | -9/Materials Resources | -11 -10 -9 ----------- Run | Yrd Mat Mat Matter Collected 621 | 224 126 271 Remotely . | . . . Salvage Created 1017 | . 339 678 Parts 61 | . 22 39 Haulers Intercepted 1 | . 1 . Recyclers Shooed . | . . . Parts Field Recycled . | . . . Retrieved Matter . | . . . Parts Self-Destructed . | . . . Prevented . | . . . Kills | -11 -10 -9 ------- Run | Yrd Mat Mat Combat Hostiles Destroyed 19 | . 7 12 Guns 3 | . 1 2 Cannons 8 | . . 8 AOE 8 | . 6 2 Classes Destroyed 8 | . 5 3 Worker 1 | . . 1 Builder 1 | . . 1 Hauler 1 | . 1 . Recycler 4 | . 2 2 Watcher 4 | . 3 1 Swarmer 5 | . 2 3 Grunt 9 | . 5 4 Sentry 5 | . . 5 Best Kill Streak 6 | . 4 6 Combat Bots Only 5 | . 3 5 Max Kills in Single Turn 3 | . 3 3 Gunslinging . | . . . Exploded 1 | . 1 1 Melee . | . . . Uniques/NPCs Destroyed . | . . . Combat | -11 -10 -9 -------- Run | Yrd Mat Mat Hostile Shots Fired 188 | . 22 166 Missed 61 | . 9 52 Hits 127 | . 13 114 Projectile 127 | . 13 114 Critical Strikes 3 | . . 3 Damage Taken 1404 | . 165 1239 Core 420 | . 15 405 Absorbed by Shields 11 | . . 11 Ignored by Resistances 410 | . 47 363 Core Remaining (%) 97 | 100 94 . Volleys Fired 58 | . 18 40 Largest 3 | . 2 3 Hottest 113 | . 50 113 Shots Fired 89 | . 32 57 Gun 48 | . 18 30 Cannon 21 | . . 21 Launcher 20 | . 14 6 Special . | . . . Kinetic 41 | . 18 23 Thermal . | . . . Explosive 20 | . 14 6 Electromagnetic 28 | . . 28 Robot Hit Streak 22 | . 6 22 Robot Miss Streak 2 | . 2 2 Penetration Max . | . . . Secondary Targets . | . . . Shots Hit Robots 59 | . 16 43 Core Hits 53 | . 24 29 Critical Kills . | . . . Critical Parts Destroyed 1 | . . 1 Critical Strikes 1 | . . 1 Destroy 1 | . . 1 Melee Attacks . | . . . Impact . | . . . Slashing . | . . . Piercing . | . . . Sneak Attacks . | . . . Combat Hostiles . | . . . Follow-up Attacks . | . . . Damage Inflicted 1845 | . 811 1034 Guns 322 | . 84 238 Cannons 443 | . . 443 Explosions 1077 | . 724 353 Melee . | . . . Ramming 3 | . 3 . Kinetic 226 | . 84 142 Thermal . | . . . Explosive 1024 | . 671 353 Electromagnetic 592 | . 53 539 Impact . | . . . Slashing . | . . . Piercing . | . . . Highest Corruption . | . . . Average Corruption . | . . . Corruption Purged . | . . . Corruption Blocked . | . . . Overload Shots . | . . . Overflow Damage 10 | . . 10 Projectiles . | . . . Explosions 10 | . . 10 Melee . | . . . Knockbacks . | . . . Impact . | . . . Kinetic . | . . . Secondary . | . . . Self-Inflicted Damage 156 | . 33 123 Shots 6 | . 2 4 Rammed 1 | . 1 . Targets Rammed 1 | . 1 . Kicked . | . . . Crushed . | . . . Highest Temperature 325 | . 44 325 Average Temperature 87 | . 16 104 Received Heat Transfer 661 | . 87 574 Effects 1 | . . 1 Interference 1 | . . 1 Siege Activations . | . . . Martial Activations . | . . . Shielding Activations . | . . . Robots Disrupted . | . . . Combat Hostiles . | . . . Robots Corrupted . | . . . Combat Hostiles . | . . . Parts Fried 2 | . . 2 Impact Corruptions . | . . . Robots Melted . | . . . Combat Hostiles . | . . . Parts Melted . | . . . Heat Transferred . | . . . Parts Sabotaged . | . . . Parts Stolen . | . . . Parts Stripped . | . . . Power Chain Reactions . | . . . Alert | -11 -10 -9 ------- Run | Yrd Mat Mat Maximum Alert Level . | . . . Low Security (%) 100 | 100 100 100 Level 1 . | . . . Level 2 . | . . . Level 3 . | . . . Level 4 . | . . . Level 5 . | . . . High Security . | . . . Max Security . | . . . Peak Influence 176 | . 152 176 Initial 29 | . . 29 Average 64 | . 75 62 Influence Increases 736 | . 310 426 Destroy 0b10 Robot/C 380 | . 140 240 Destroy 0b10 Robot/NC 55 | . 30 25 Destroy Leader 130 | . 48 82 Successful Hack 1 | . 1 . Disable Machine 36 | . 27 9 Destroy Structure 104 | . 64 40 Lose Combat Pursuer 30 | . . 30 Influence Decreases 650 | . 228 422 Entered New Map 53 | . . 53 Time Decay 477 | . 208 269 Lost Part 120 | . 20 100 Squads Dispatched 4 | . 1 3 Investigation 1 | . 1 . Extermination . | . . . Reinforcement 3 | . . 3 Assault . | . . . Garrison . | . . . Intercept . | . . . Searches Triggered . | . . . Construction Impeded 1 | . . 1 Haulers Reinforced . | . . . Active Scanning Responses . | . . . Cargo Convoy Interrupts . | . . . Stealth | -11 -10 -9 --------- Run | Yrd Mat Mat Distress Signals 2 | . . 2 Communications Jammed . | . . . Distress Signals . | . . . Times Spotted 33 | . 12 21 Peak Tracking Total 7 | . 4 7 Tactical Retreats 2 | . . 2 Traps | -11 -10 -9 ------- Run | Yrd Mat Mat Traps Triggered . | . . . Indirectly . | . . . Trap Hack Attempts . | . . . Triggered . | . . . Disarmed . | . . . Reprogrammed . | . . . Reused . | . . . Traps Extracted . | . . . Installed . | . . . Triggered . | . . . Machines | -11 -10 -9 ---------- Run | Yrd Mat Mat Machines Disabled 4 | . 3 1 Max in Single Turn 1 | . 1 1 Machines Repaired . | . . . Machines Dismantled . | . . . Machines Sabotaged . | . . . Overloaded Fab Kills . | . . . Hacking | -11 -10 -9 --------- Run | Yrd Mat Mat Machines Accessed 3 | . 3 . Terminals 2 | . 2 . Fabricators . | . . . Repair Stations 1 | . 1 . Recycling Units . | . . . Scanalyzers . | . . . Garrison Access . | . . . Total Hacks 7 | . 7 . Successful 6 | . 6 . Failed 1 | . 1 . Catastrophic . | . . . Database Lockouts . | . . . Manual . | . . . Terminals 5 | . 5 . Fabricators . | . . . Repair Stations 2 | . 2 . Recycling Units . | . . . Scanalyzers . | . . . Garrison Access . | . . . Terminal Hacks 4 | . 4 . Record 2 | . 2 . Branch Access Points 1 | . 1 . Zone Layout 1 | . 1 . Fabricator Hacks . | . . . Repair Station Hacks 2 | . 2 . Scan Component 1 | . 1 . Refit 1 | . 1 . Recycling Unit Hacks . | . . . Scanalyzer . | . . . Garrison Access Hacks . | . . . Unauthorized Hacks . | . . . Terminals . | . . . Fabricators . | . . . Repair Stations . | . . . Recycling Units . | . . . Scanalyzers . | . . . Garrison Access . | . . . Data Cores Recovered . | . . . Used . | . . . Hacking Detections 2 | . 2 . Full Trace Events 1 | . 1 . Feedback Events . | . . . Feedback Blocked . | . . . Robot Schematics Acquired . | . . . Robots Built . | . . . Authchips . | . . . Time . | . . . Total Robot Build Rating . | . . . Part Schematics Acquired . | . . . Parts Built . | . . . Authchips . | . . . Time . | . . . Total Part Build Rating . | . . . Parts Repaired . | . . . Time . | . . . Parts Recycled . | . . . Recycled Matter . | . . . Retrieved Matter . | . . . Retrieved Components . | . . . Parts Scanalyzed . | . . . Part Schematics Acquired . | . . . Parts Damaged . | . . . Bothacking | -11 -10 -9 ------------ Run | Yrd Mat Mat Used RIF Installer . | . . . Robots Hacked . | . . . Non-combat . | . . . Combat . | . . . Robot Hacks Applied . | . . . Relay Couplers Released . | . . . Fabnet Peak Effective % . | . . . Robots Rewired . | . . . Allies Hacked . | . . . Hacks Repelled . | . . . Allies | -11 -10 -9 -------- Run | Yrd Mat Mat Total Allies . | . . . Largest Group . | . . . Highest-Rated Group . | . . . Highest-Rated Ally . | . . . Total Orders . | . . . Ally Attacks . | . . . Total Damage . | . . . Kills . | . . . Allies Corrupted . | . . . Allies Melted . | . . . Intel | -11 -10 -9 ------- Run | Yrd Mat Mat Active Infowar (turns) . | . . . Robot Analysis Total . | . . . Derelict Logs Recovered . | . . . Drone Launches . | . . . Drone Recoveries . | . . . Exploration | -11 -10 -9 ------------- Run | Yrd Mat Mat Turns Passed 1317 | 64 462 791 Spaces Moved 604 | 61 367 176 Core 31 | 1 . 30 Treads . | . . . Legs 172 | . 26 146 Wheels 401 | 60 341 . Hover . | . . . Flight . | . . . Fastest Speed 50 | 50 80 260 Average Speed 187 | 79 108 389 Slowest Speed 800 | 80 400 800 Overloaded Moves . | . . . Propulsion Burnouts . | . . . Robots Hopped . | . . . Potential Cave-ins . | . . . Cave-ins Triggered . | . . . Exploration Rate (%) 27 | 5 59 17 Regions Visited 2 Branch Regions . Pre-discovered Areas . | . . . Known Exits Taken . | . . . Unknown Exits Taken 2 | 1 1 . Scrap Searched . | . . . Spaces Dug . | . . . Terrain Destroyed 108 | . 71 37 Melee . | . . . Projectile . | . . . AOE 108 | . 71 37 Terrain Rammed . | . . . Walls Destroyed . | . . . Machines Disabled . | . . . Actions | -11 -10 -9 --------- Run | Yrd Mat Mat Total 708 | 73 403 232 Wait . | . . . Move 602 | 60 366 176 Hop . | . . . Pick Up 19 | 7 4 8 Fast Attach 10 | 5 2 3 Attach 8 | 1 3 4 Detach 4 | . 4 . Swap 4 | . 3 1 Drop 2 | . 2 . Fire 58 | . 18 40 Melee . | . . . Ram 1 | . 1 . Kick . | . . . Crush . | . . . Escape Stasis . | . . . Rewire . | . . . Trap . | . . . Miscellaneous . | . . . Route ------- -11/Scrapyard -10/Materials (discovered 2 exits: [*Mat] / *Min) -9/Materials History --------- Turn | Location | Event 28 | -11/Scrapyard | Discovered new exit (range 15) 65 | -11/Scrapyard | Entered Materials 94 | -10/Materials | Identified exit to Mines 304 | -10/Materials | Build established: Mutant 501 | -10/Materials | Discovered new exit (range 9) 527 | -10/Materials | Entered another Materials area 527 | -9/Materials | Evolved 2 slots: Power x1, Weapon x1 849 | -9/Materials | Build established: Tank 1059 | -9/Materials | Core integrity fell below 50% 1090 | -9/Materials | Lost 7 parts (2p2n1u2w) 1104 | -9/Materials | Core integrity fell below 20% 1318 | -9/Materials | Destroyed by G-34 Mercenary with Small Laser Last Messages --------------- U-05 Engineer lays Concrete. K-01 Serf collects debris. U-05 Engineer lays Concrete. K-01 Serf collects debris. U-05 Engineer lays Concrete. K-01 Serf collects debris. U-05 Engineer lays Concrete. K-01 Serf collects debris. U-05 Engineer lays Concrete. K-01 Serf collects debris. U-05 Engineer lays Concrete. K-01 Serf collects debris. U-05 Engineer lays Concrete. K-01 Serf collects debris. Mni. Grenade Launcher destroyed. S-10 Pest destroyed. K-01 Serf collects debris. R-06 Scavenger collects Lgt. Ion Engine. Acquired 11 matter. Destroyed Hover Unit. Map ----- +----------------------------------------------------+ | | | | | | | ?????????????????????????????????????????????????? | | ?????????????????????????????????????????????????? | | ?????????????????????????????????????????????????? | | ?????????????????????????????????????????????????? | | ?????????????????????????????????????????????????? | | ?????????????????????????????????????????????????? | | ?????????????????????????????????????????????????? | | ?????????????????????????????????????????????????? | | ?????????????????????????????????????????????????? | | ?????????????????????????????????????????????????? | | ?????????????????????????????????????????????????? | | ?????????????????????????????????????????????????? | | ?????????????????????????????????????????????????? | | ?????????????????????????????#######?????????????? | | ?????????????????????????????# #?????????????? | | ?????????????????????????????# ##????????????? | | ?????????????????????????????# " ?????????????? | | ?????????????????????????????? #?????????????? | | ?????????????????????????????? ??????????????? | | #?????????????????????????????# #??#####???????? | | # ?????????#######???######## #? #???????? | | # # ######## ##### ## # ""#???????? | | w %@ ## %+ Y?????????? | | g #??????????????? | | % % ##g #??????????????? | | +#########+## o ##### ## #??????????????? | | ??????# ###+###??####+#### #??????????????? | | ??????# # ????# #% #??????????????? | | ??????## #?? ???## "" #%% #??????????????? | | ??????## ! ""#?? ????# " # #??????????????? | | ??????## ""#?? ???# " #% ##?????????????? | | ???????#= """#?? ??# % # ##?????????????? | | ???????# "" #?? ??# # ##?????????????? | | ???????# """#?? ?# # ##?????????????? | | ???????# """#??? ?# # % #?????????????? | | ???????# """#??? ?# # ##?????????????? | | ???????# " #???###???# # ## ????????????? | | ???????# #?????????########%% ## ??????????? | | ???????####+##??????????????? # %# ????????? | | ?????????## ########????????? # ########???????? | | ?????????# +???????? # ?????????????? | | ?????????# #######????????? + ????????????? | | ?????????# #??????????????" # ???????????? | | ########## #??????????????" ? #####??????????? | | # # #??????????????" ? #??????????????? | | # # #?????????????? ? #??????????????? | | # # ###############?#? ???????????????? | +----------------------------------------------------+ Best States ------------- Heat Dissipation 28 Energy Generation 15 Energy Capacity 400 Matter Stores 300 Matter Capacity 300 Sight Range 16 Terrain Scan Density 10 Armor Coverage 80 Resistance: KI 20 Resistance: TH 20 Resistance: EX 20 Resistance: EM 20 Resistance: I 20 Resistance: S 20 Resistance: P 20 Evasion (%) 44 Targeting Accuracy 5 Offensive Hacking 10 Item Schematics ----------------- None Robot Schematics ------------------ None Fabricated ------------ Nothing Repaired ---------- Nothing Alien Tech Used ----------------- None Achievements -------------- None Challenges ------------ None Game ------ Seed MobileMediumBox Manual? 0 Play Time 00:14:42 Cumulative 5.9 hours Start 2025.10.11 @ 19:24:19 End 2025.10.12 @ 06:11:18 Sessions 3 Manual Loads 0 Difficulty Adventurer Special Mode None Game No. 13 Rogue 4 Adventurer 9 Explorer 0 Win Type - Total 0 Types 0/0/0/0/0/0/0/0/0/0 Lore% 1 Gallery% 12 Achievement% 11 Wizard Run 0 Options --------- Layout 0 ASCII 0 Keyboard 1 Movement Arrows Keybinds 0 Fullscreen 1 Font 24/Smallcaps Map View 76x50 Zoom Use 0% Tactical HUD 0 Map Filters NONE Filters NONE Steam 1 RUN: 2eea0057-9ed4-44cf-8fdb-ed222639faad